 Dungeon Crawl Stone Soup version 0.27-a0-1140-g099f9bb0e8 (webtiles) character file.

Game seed: 8700549790904513762

81 HoaS the Bolt Thrower (level 4, 0/26 HPs)
             Began as a Kobold Hunter on May 9, 2021.
             Slain by a river rat (5 damage)
             ... in a sewer.
             The game lasted 00:06:46 (3529 turns).

HoaS the Bolt Thrower (Kobold Hunter)               Turns: 3529, Time: 00:06:46

Health: 0/26       AC:  6    Str: 10    XL:     4   Next: 67%
Magic:  4/4        EV: 11    Int: 12    God:
Gold:   62         SH:  0    Dex: 15    Spells: 3/3 levels left

rFire    . . .     SeeInvis .   w - +1 short sword
rCold    . . .     Faith    .   (shield restricted)
rNeg     . . .     Spirit   .   j - +0 scale mail
rPois    .         Reflect  .   (no helmet)
rElec    .         Harm     .   (no cloak)
rCorr    .         Rampage  .   (no gloves)
Will     .....                  (no boots)
Stlth    +.........             (no amulet)
HPRegen  0.08/turn              (no ring)
MPRegen  0.09/turn              (no ring)

@: no status effects
A: small, no large weapons, nightstalker 3
a: no special abilities


You were in a sewer.
You visited 1 branch of the dungeon, and saw 3 of its levels.
You also visited: Sewer.

You collected 62 gold pieces.

Inventory:

Hand Weapons
 q - a +1 hand crossbow
 w - a +1 short sword (weapon)
Missiles
 d - 20 bolts
Armour
 j - a +0 scale mail (worn)
Potions
 b - a potion of flight
 e - a potion of cancellation
 l - a potion of berserk rage {unknown}
 m - a potion of curing {unknown}


   Skills:
 - Level 2.1 Fighting
 * Level 3.4 Short Blades
 + Level 6.0 Crossbows
 - Level 2.4 Dodging
 - Level 1.3 Stealth


You had 3 spell levels left.
You didn't know any spells.
Your spell library was empty.

Dungeon Overview and Level Annotations

Branches:
Dungeon (3/15)              Sewer (1/1)

Altars:


Innate Abilities, Weirdness & Mutations

You are small and have problems with some larger weapons.
You are completely attuned to the shadows.


Message History

You hit the river rat.
The river rat is moderately wounded.
The river rat bites you.
You closely miss the river rat.
The river rat is moderately wounded.
The river rat closely misses you.
You barely miss the river rat.
The river rat is moderately wounded.
The river rat bites you.
There is a gate leading back out of this place here.
Things that are here:
a rat corpse; a rat corpse You closely miss the river rat.
The river rat is moderately wounded.
The river rat bites you but does no damage.
You hit the river rat.
The river rat is heavily wounded.
The river rat closely misses you.
You closely miss the river rat.
The river rat is heavily wounded.
The river rat barely misses you.
You barely miss the river rat.
The river rat is heavily wounded.
The river rat bites you.
You hit the river rat.
The river rat is almost dead.
The river rat bites you.
* * * LOW HITPOINT WARNING * * *
You barely miss the river rat.
The river rat is almost dead.
The river rat bites you but does no damage.
You closely miss the river rat.
The river rat is almost dead.
The river rat bites you but does no damage.
You completely miss the river rat.
The river rat is almost dead.
You hit the river rat but do no damage.
The river rat is almost dead.
The river rat bites you.
You die...

###
#@#
#r#
#.#
#.#
#∩#
#.#
#∩#
#.#
#.#


You could see a river rat.

Vanquished Creatures
  2 adders
  A dart slug (D:2)
  10 endoplasms
  4 giant cockroaches
  10 goblins
  4 hobgoblins
  3 kobolds (D:1)
  3 quokkas
  5 ball pythons
  9 frilled lizards
  5 rats
56 creatures vanquished.

Vanquished Creatures (others)
  6 plants (D:1)
6 creatures vanquished.

Grand Total: 62 creatures vanquished

Notes
Turn   | Place    | Note
-------+----------+-------------------------------------------
     0 | D:1      | HoaS the Kobold Hunter began the quest for the Orb.
     0 | D:1      | Reached XP level 1. HP: 12/12 MP: 1/1
   135 | D:1      | Reached skill level 5 in Crossbows
   421 | D:1      | Reached skill level 1 in Short Blades
   421 | D:1      | Reached XP level 2. HP: 5/17 MP: 2/2
  1770 | D:1      | Reached XP level 3. HP: 18/21 MP: 3/3
  2333 | D:2      | Reached XP level 4. HP: 25/26 MP: 4/4
  3038 | D:2      | Found a faded altar of an unknown god.
  3313 | D:3      | Found a glowing drain.
  3328 | D:3      | Reached skill level 6 in Crossbows
  3376 | Sewer    | Entered a sewer
  3529 | Sewer    | Slain by a river rat

Illustrated notes

Levels and vault maps discovered:
D:1:      lordsloth_arrival_two_stooges, layout_basic, minmay_lizard_king
D:2:      layout_rooms, shapermc_ecumenical_altar_hornbeckon,
          minmay_pentomino_v2
D:3:      layout_loops_ring, gup_sewer_entry_glass,
          chequers_serial_rivers_room_a
Sewer:    sewer_kobolds

Skill      XL: |  1  2  3  4 |
---------------+-------------+-----
Crossbows      | 5 6 |  6.0
Short Blades   | 1 2 3 |  3.4
Fighting       | |  2.1
Dodging        | |  2.4
Stealth        | |  1.3

Action                   |  1- 3 |  4- 6 || total
-------------------------+-------+-------++-------
Melee: Short sword       |   116 |    79 ||   195
  Use: Scroll            |       |     8 ||     8
 Stab: Sleeping          |     8 |     5 ||    13
Armor: Leather armour    |    11 |     1 ||    12
       Scale mail        |    18 |    12 ||    30
       Ring mail         |     2 |     3 ||     5
Dodge: Dodged            |    60 |    37 ||    97

Table legend: (Time is in decaauts)
 A = Elapsed time spent in this place.
 B = Non-inter-level travel time spent in this place.
 C = Inter-level travel time spent in this place.
 D = Time resting spent in this place.
 E = Time spent auto-exploring this place.
 F = Levels seen in this place.
 G = Mean time per level.
                   A        B        C        D        E       F      G
               +--------+--------+--------+--------+--------+-----+--------+
         Total |   3537 |   3317 |    220 |   1520 |   1324 |   4 |  884.2 |
       Dungeon |   3385 |   3165 |    220 |   1402 |   1321 |   3 | 1128.3 |
         Sewer |    151 |    151 |      0 |    118 |      3 |   1 |  151.0 |
               +--------+--------+--------+--------+--------+-----+--------+

Top non-repeatable levels by time:
     D:1: 2266 daAuts
     D:2: 1010 daAuts
   Sewer: 151 daAuts
     D:3: 108 daAuts
